 Dungeon Crawl Stone Soup version 0.27-a0-1191-g601b473118 (webtiles) character file.

Game seed: 10274034995807258453

238 Wyvernaa the Poker (level 5, -3/40 HPs)
             Began as a Demonspawn Gladiator on May 24, 2021.
             Slain by Pikel
             ... wielding a +2 whip of electrocution
              (18 damage)
             ... on level 4 of the Dungeon.
             The game lasted 00:08:11 (4290 turns).

Wyvernaa the Poker (Demonspawn Gladiator)           Turns: 4290, Time: 00:08:12

Health: -3/40      AC: 15    Str: 15    XL:     5   Next: 78%
Magic:  5/5        EV: 11    Int:  9    God:
Gold:   111        SH:  0    Dex: 15    Spells: 4/4 levels left

rFire    . . .     SeeInvis .   a - +0 trident
rCold    . . .     Faith    .   (no shield)
rNeg     . . .     Spirit   .   c - +1 ring mail {Will+}
rPois    .         Reflect  .   (helmet restricted)
rElec    .         Harm     .   (no cloak)
rCorr    .         Rampage  .   (no gloves)
Will     +....                  (no boots)
Stlth    +.........             (no amulet)
HPRegen  0.13/turn              (no ring)
MPRegen  0.09/turn              (no ring)

@: sanguine armoured
A: horns 1, sanguine armour 2
a: no special abilities


You were on level 4 of the Dungeon.
You visited 1 branch of the dungeon, and saw 4 of its levels.

You collected 111 gold pieces.

Inventory:

Hand Weapons
 a - a +0 trident (weapon)
Missiles
 d - 3 throwing nets (quivered)
Armour
 c - a +1 ring mail of willpower (worn)
Wands
 l - a wand of digging (5)
 m - a wand of polymorph (8)
Scrolls
 e - a scroll of immolation
 g - a scroll of silence


   Skills:
 + Level 2.8 Fighting
 * Level 4.7 Polearms
 - Level 2.0 Throwing
 + Level 1.7 Armour
 + Level 3.2 Dodging
 - Level 0.7 Stealth


You had 4 spell levels left.
You didn't know any spells.
Your spell library contained the following spells:

 Spells                   Type           Power      Damage    Failure   Level
 Apportation              Tloc           0%         N/A       61%         1
 Sandblast                Erth           0%         2d4       61%         1
 Passwall                 Tmut/Erth      0%         N/A       75%         2
 Lesser Beckoning         Tloc           0%         N/A       93%         3
 Stone Arrow              Conj/Erth      0%         3d7       93%         3
 Tukima's Dance           Hex            0%         N/A       93%         3
 Petrify                  Tmut/Erth      0%         N/A       100%        4
 Alistair's Intoxication  Tmut/Pois      0%         N/A       100%        5
 Lee's Rapid Deconstruct  Erth           0%         3d5*      100%        5
 Invisibility             Hex            0%         N/A       100%        6


Dungeon Overview and Level Annotations

Branches:
Dungeon (4/15)
 Temple: D:4-7

Altars:

Shops:
D:2 [

Annotations:
D:3 Grinder
D:4 Pikel


Innate Abilities, Weirdness & Mutations

You have a pair of small horns on your head.
When seriously injured, your bleeding wounds create thick armour. (AC +9)


Message History

The bullfrog skeleton barely misses you.
Pikel's inner flame fades away.
Pikel says, "You'll make a fine lemure."
You see here 26 arrows.
The adder skeleton bites you but does no damage.
The adder skeleton misses you.
The adder skeleton bites you but does no damage.
The orc cheers loudly.
You reach to attack!
Your ring mail prevents you from hitting the orc.
You puncture the orc!
You kill the orc!
You puncture the bullfrog skeleton!
The bullfrog skeleton is moderately damaged.
The bullfrog skeleton barely misses you.
The bullfrog skeleton hits you but does no damage.
Pikel says, "Antaeus said I was his favorite kobold.
Me!"
You puncture the bullfrog skeleton!
The bullfrog skeleton is severely damaged.
The bullfrog skeleton closely misses you.
You puncture the bullfrog skeleton!
You destroy the bullfrog skeleton!
The lemure hits you but does no damage.
You feel your dexterity returning.
You hit the lemure but do no damage. You headbutt the lemure.
The lemure is lightly wounded.
You closely miss Pikel.
Pikel is severely wounded.
You barely miss Pikel. You headbutt Pikel!
Pikel is almost dead.
Your blood armour dries and flakes away.
Pikel hits you with a +2 whip of electrocution!
Your blood congeals into armour.
You are too injured to fight recklessly!
You are too injured to fight recklessly!
You are too injured to fight recklessly!
You closely miss Pikel. You headbutt Pikel.
Pikel is almost dead.
Pikel hits you but does no damage.
You are electrocuted!!
You die...

### ### #@# ##!#
###K## #..######
#.Z55# #..$#....
###5## #####..###..K
###...###..#....##..#
#........Z.(.......##
#........5.....###...
#...........#..# ....
#..........##........


You could see Pikel, 3 lemures and an adder skeleton.

Vanquished Creatures
  A lemure (D:4)
  An orc priest (D:3)
  A bullfrog skeleton (D:4)
  An orc wizard (D:4)
  A gnoll (D:3)
  5 adders
  An adder skeleton (D:4)
  A worm (D:3)
  3 dart slugs
  6 orcs
  4 bats
  6 endoplasms
  9 giant cockroaches
  5 goblins
  7 hobgoblins
  3 jackals (D:2)
  4 quokkas
  7 ball pythons
  4 frilled lizards
  4 kobolds
  2 rats (D:1)
76 creatures vanquished.

Vanquished Creatures (others)
  An orc wizard (D:3)
1 creature vanquished.

Grand Total: 77 creatures vanquished

Notes
Turn   | Place    | Note
-------+----------+-------------------------------------------
     0 | D:1      | Wyvernaa the Demonspawn Gladiator began the quest for the
                  | Orb.
     0 | D:1      | Reached XP level 1. HP: 16/16 MP: 1/1
   187 | D:1      | Reached skill level 3 in Polearms
   299 | D:1      | Gained mutation: When seriously injured, your bleeding
                  | wounds create armour. (AC +9) [demonic ancestry]
   299 | D:1      | Reached XP level 2. HP: 22/22 MP: 2/2
   324 | D:1      | You fall into a shaft and drop 1 floor!
   655 | D:2      | Gained mutation: When seriously injured, your bleeding
                  | wounds create thick armour. (AC +9) [demonic ancestry]
   655 | D:2      | Reached XP level 3. HP: 25/27 MP: 3/3
   741 | D:2      | Found a faded altar of an unknown god.
  1031 | D:2      | Found Ywkapt's Antique Armour Emporium.
  2210 | D:3      | Reached XP level 4. HP: 21/34 MP: 4/4
  2571 | D:3      | Reached skill level 1 in Armour
  2686 | D:3      | Noticed Grinder
  2702 | D:3      | Paralysed by Grinder for 4 turns
  3276 | D:3      | Reached skill level 4 in Polearms
  3276 | D:3      | Gained mutation: You have a pair of small horns on your
                  | head. [demonic ancestry]
  3276 | D:3      | Reached XP level 5. HP: 22/39 MP: 5/5
  3514 | D:4      | Noticed an ogre
  3795 | D:4      | Noticed a lemure
  3814 | D:4      | Killed a lemure
  4173 | D:4      | Noticed Pikel
  4238 | D:4      | Noticed a lemure
  4241 | D:4      | Noticed a lemure
  4242 | D:4      | Noticed a lemure
  4290 | D:4      | Slain by Pikel

Illustrated notes

Levels and vault maps discovered:
D:1:      minmay_arrival_plants_in_alcoves, layout_basic,
          minmay_worlds_worst_comb
D:2:      layout_basic, shapermc_ecumenical_altar_starsandcircs, serial_shops,
          shop, hex_medium
D:3:      layout_loops_ring, uniq_grinder
D:4:      layout_cave_pools, zin_scriptorium, nicolae_ashenzari_panopticon,
          uniq_pikel, uniq_natasha

Skill      XL: |  1  2  3  4 |
---------------+-------------+-----
Polearms       | 3 4 |  4.7
Throwing       | 2 |  2.0
Dodging        | 3 |  3.2
Armour         | 1 |  1.7
Fighting       | |  2.8
Stealth        | |  0.7

Action                   |  1- 3 |  4- 6 || total
-------------------------+-------+-------++-------
Melee: Trident           |   165 |   122 ||   287
       Headbutt          |       |    13 ||    13
  Use: Scroll            |     2 |     3 ||     5
       Potion            |     2 |     4 ||     6
 Stab: Sleeping          |     3 |     3 ||     6
Armor: Leather armour    |    40 |    19 ||    59
       Ring mail         |       |    25 ||    25
Dodge: Dodged            |   116 |    62 ||   178

Table legend: (Time is in decaauts)
 A = Elapsed time spent in this place.
 B = Non-inter-level travel time spent in this place.
 C = Inter-level travel time spent in this place.
 D = Time resting spent in this place.
 E = Time spent auto-exploring this place.
 F = Levels seen in this place.
 G = Mean time per level.
                   A        B        C        D        E       F      G
               +--------+--------+--------+--------+--------+-----+--------+
         Total |   4334 |   4127 |    207 |   1069 |   2338 |   4 | 1083.5 |
       Dungeon |   4334 |   4127 |    207 |   1069 |   2338 |   4 | 1083.5 |
               +--------+--------+--------+--------+--------+-----+--------+

Top non-repeatable levels by time:
     D:3: 1953 daAuts
     D:2: 1084 daAuts
     D:1: 1075 daAuts
     D:4: 219 daAuts
